 Dungeon Crawl Stone Soup version 0.24.0-7-gb3623d2c88 (webtiles) character file.

Game seed: 9928854142538592199, levelgen mode: deterministic

1378 Emblim88 the Archer (level 8, -1/73 HPs)
             Began as a Centaur Hunter on Nov 2, 2019.
             Slain by an orc warrior
             ... wielding a +0 war axe
              (11 damage)
             ... on level 5 of the Dungeon.
             The game lasted 00:16:41 (6358 turns).

Emblim88 the Archer (Centaur Hunter)                Turns: 6358, Time: 00:16:42

Health: -1/73      AC: 11    Str: 19    XL:     8   Next: 39%
Magic:  8/8        EV:  5    Int: 10    God:
Gold:   147        SH:  0    Dex: 13    Spells: 7/7 levels left

rFire    . . .     SeeInvis .   x - +0 spear (pierce)
rCold    . . .     Gourm    .   (no shield)
rNeg     . . .     Faith    .   m - +3 chain mail {rPois}
rPois    +         Spirit   .   (no helmet)
rElec    .         Reflect  .   o - +0 cloak
rCorr    +         Harm     .   (no gloves)
MR       .....                  (no barding)
Stlth    ..........             (no amulet)
HPRegen  0.22/turn              g - ring of resist corrosion
MPRegen  0.11/turn              (no ring)

@: mighty, very quick
A: large, hooves 3, deformed body, speed 2, tough skin 3
a: no special abilities


You were on level 5 of the Dungeon.
You were not hungry.

You visited 1 branch of the dungeon, and saw 5 of its levels.
You also visited: Ossuary.

You collected 147 gold pieces.

Inventory:

Hand Weapons
 a - a +1 shortbow
 t - a +0 hunting sling
 x - a +0 spear of piercing (weapon)
Missiles
 k - 22 sling bullets
 l - 150 stones (quivered)
Armour
 m - a +3 chain mail of poison resistance (worn)
 o - a +0 cloak (worn)
Jewellery
 g - a ring of resist corrosion (left hand)
Scrolls
 b - 4 scrolls of identify
 h - a scroll of magic mapping {unknown}
 i - a scroll of remove curse
 n - 3 scrolls of teleportation
 p - a scroll of amnesia
 u - 2 scrolls of enchant weapon
 w - a scroll of fog {unknown}
 y - a scroll of immolation {unknown}
Potions
 c - a potion of haste {unknown}
 e - 2 potions of might
 j - a potion of berserk rage {unknown}
 r - 2 potions of flight
 s - a potion of resistance {unknown}
 v - 3 potions of brilliance
 z - 2 potions of degeneration {unknown}
 A - a potion of lignification
Comestibles
 f - 6 rations


   Skills:
 + Level 7.5 Fighting
 + Level 10.8 Bows
 - Level 1.3 Dodging
 - Level 0.4 Stealth


You had 7 spell levels left.
You didn't know any spells.
Your spell library was empty.

Dungeon Overview and Level Annotations

Branches:
Dungeon (5/15)            Ossuary (visited)
 Temple: D:4-7

Altars:
Cheibriados
Dithmenos
Sif Muna
Trog
Xom


Innate Abilities, Weirdness & Mutations

You have hooves in place of feet.
Armour fits poorly on your strangely shaped body.
You cover ground very quickly.
You have extremely tough skin. (AC +3)


Message History

Your kick misses the orc warrior.
The orc warrior is heavily wounded.
The orc warrior hits you with a +0 war axe!
* * * LOW HITPOINT WARNING * * *
You hit the orc warrior.
The orc warrior is severely wounded.
The orc warrior hits you with a +0 war axe.
* * * LOW HITPOINT WARNING * * *
You hit the orc warrior.
The orc warrior is severely wounded.
The orc warrior hits you with a +0 war axe!
* * * LOW HITPOINT WARNING * * *
You closely miss the orc warrior.
You kick the orc warrior, but do no damage.
The orc warrior is severely wounded.
The orc warrior hits you but does no damage.
It was a potion of might.
You feel very mighty all of a sudden.
The orc warrior hits you with a +0 war axe!
You die...

........†..........>
....................
.#.....#.........##.#.
.#.....#..............
......###..))..)##....
.............)..(.## .#
..........#...(.#(.#..#
.........##.((.(#....#
#.......##......@o...#
#.....####.......((..#
../...# ##.......(.(#
.....## ##........(...
#.. ##..#......## ..
####......# .......#
...#####


You could see an orc warrior.

Vanquished Creatures
  A phantom (D:5)
  An ogre (D:4)
  6 scorpions
  A centaur zombie (Ossuary)
  A human zombie (Ossuary)
  2 hounds (D:4)
  An orc wizard (D:5)
  A jelly (D:4)
  4 orc priests (D:3)
  2 iguanas
  6 worker ants (D:4)
  2 big kobold zombies (Ossuary)
  3 mummies (Ossuary)
  Robin (D:2)
  7 scorpion zombies (Ossuary)
  7 adders
  3 gnolls (D:5)
  An ooze (D:4)
  3 worms (D:2)
  5 dart slugs
  2 leopard geckos
  17 orcs
  5 bats
  7 giant cockroaches
  14 goblins
  9 hobgoblins
  4 jackals (D:4)
  9 kobolds
  2 quokkas
  A ball python (D:2)
  8 frilled lizards
  A gnoll zombie (Ossuary)
  5 goblin zombies (Ossuary)
  3 hobgoblin zombies (Ossuary)
  2 kobold zombies (Ossuary)
  A leopard gecko skeleton (D:4)
  5 rats
153 creatures vanquished.

Vanquished Creatures (others)
  A scorpion (Ossuary)
1 creature vanquished.

Grand Total: 154 creatures vanquished

Notes
Turn   | Place    | Note
-------+----------+-------------------------------------------
     0 | D:1      | Emblim88 the Centaur Hunter began the quest for the Orb.
     0 | D:1      | Reached XP level 1. HP: 17/17 MP: 1/1
   116 | D:1      | Reached XP level 2. HP: 25/25 MP: 2/2
   479 | D:1      | Reached skill level 6 in Bows
   655 | D:1      | Reached XP level 3. HP: 28/30 MP: 3/3
  1044 | D:2      | Found a shimmering altar of Xom.
  1054 | D:2      | Identified the +0 helmet of Loss {rC- rCorr Str+4}
  1054 | D:2      | Noticed Robin
  1088 | D:2      | Killed Robin
  1249 | D:2      | Reached XP level 4. HP: 38/38 MP: 4/4
  1339 | D:2      | Found a snail-covered altar of Cheibriados.
  1427 | D:2      | Found a shadowy altar of Dithmenos.
  1679 | D:2      | Found a shimmering blue altar of Sif Muna.
  1855 | D:3      | Reached skill level 7 in Bows
  1869 | D:3      | Reached XP level 5. HP: 46/46 MP: 5/5
  2569 | D:3      | Found a shadowy altar of Dithmenos.
  2813 | D:3      | Reached XP level 6. HP: 50/53 MP: 6/6
  3000 | D:3      | Found a bloodstained altar of Trog.
  3214 | D:4      | Reached skill level 8 in Bows
  3302 | D:3      | Reached skill level 5 in Fighting
  3904 | D:4      | Reached XP level 7. HP: 47/61 MP: 7/7
  4145 | D:4      | Reached skill level 9 in Bows
  4417 | D:5      | Entered Level 5 of the Dungeon
  4628 | D:5      | Found a sand-covered staircase.
  4633 | Ossuary  | Entered an ossuary
  5276 | Ossuary  | Reached skill level 10 in Bows
  5565 | Ossuary  | Reached XP level 8. HP: 45/71 MP: 8/8
  6348 | D:5      | HP: 3/73 [orc warrior/+0 war axe (6)]
  6358 | D:5      | Slain by an orc warrior

Levels and vault maps discovered:
D:1:      minmay_arrival_stair_chambers, layout_rooms, serial_forest,
          infiniplex_forest_straight_2, infiniplex_forest_join,
          infiniplex_forest_end_1, infiniplex_forest_lined_corner,
          infiniplex_forest_clump_curved, infiniplex_forest_corner_1,
          infiniplex_forest_zigzag_2, chequers_decorated_corner
D:2:      layout_basic, xom_teletrap_fun, cheibriados_altar_1,
          lemuel_coloured_pillars_altar, grunt_dithmenos_smoke_and_mirrors,
          uniq_robin
D:3:      layout_loops_ring, lemuel_round_altar, lemuel_round_altar
D:4:      layout_basic
D:5:      layout_cave_pools, enter_ossuary_2, first_ration

Skill      XL: |  1  2  3  4  5  6  7  8 |
---------------+-------------------------+-----
Bows           | 6 7 8 10 | 10.8
Fighting       | 3 4 5 6 7 |  7.5
Dodging        | |  1.3
Stealth        | |  0.4

Action                   |  1- 3 |  4- 6 |  7- 9 || total
-------------------------+-------+-------+-------++-------
Melee: Short sword       |       |    52 |       ||    52
       Kick              |       |    12 |    58 ||    70
       Spear             |       |    11 |   191 ||   202
 Fire: Shortbow          |   104 |   213 |   156 ||   473
Throw: Stone             |       |    53 |     9 ||    62
  Use: Potion            |       |     2 |    11 ||    13
       Scroll            |       |     1 |     4 ||     5
  Eat: Chunk             |       |     1 |       ||     1
       Ration            |       |     2 |     2 ||     4
Armor: Leather armour    |     7 |       |       ||     7
       Chain mail        |     3 |   136 |   153 ||   292
Dodge: Dodged            |     7 |    48 |    50 ||   105
